 Dungeon Crawl Stone Soup version 0.28.0 (webtiles) character file.

Game seed: 16258640455185581301

1039 willcat the Covert (level 8, -2/52 HPs)
             Began as an Octopode Delver on Feb 6, 2022.
             Was an Initiate of Ashenzari.
             Slain by a gnoll (6 damage)
             ... on level 6 of the Dungeon.
             The game lasted 00:06:18 (5851 turns).

willcat the Covert (Octopode Delver)                Turns: 5851, Time: 00:06:18

Health: -2/52      AC:  1    Str: 12    XL:     8   Next: 24%
Magic:  10/11      EV: 15    Int: 14    God:    Ashenzari [......]
Gold:   85         SH:  0    Dex: 13    Spells: 8/11 levels left

rFire   . . .      SeeInvis .   a - +0 short sword
rCold   + . .      Faith    .   (no shield)
rNeg    . . .      Spirit   .   (helmet restricted)
rPois   .          Reflect  .   (no amulet)
rElec   .          Harm     .   v - ring of Ashenzari's Submission {Wiz, Elem, Cun} (curse)
rCorr   .          Rampage  .   d - ring of protection from cold
Will    .....                   (no ring)
Stlth   +++++.....              (no ring)
HPRegen 0.17/turn               (no ring)
MPRegen 0.12/turn               (no ring)
                                (no ring)
                                (no ring)

@: no status effects
A: almost no armour, amphibious, 8 rings, camouflage 1, gelatinous body 1,
(nimble swimmer 1), tentacles
a: Renounce Religion, Shatter the Chains


You were on level 6 of the Dungeon.
You worshipped Ashenzari.
Ashenzari was noncommittal.
You visited 2 branches of the dungeon, and saw 7 of its levels.
You also visited: Ossuary.

You collected 185 gold pieces.
You spent 100 gold pieces at shops.

Inventory:

Hand Weapons
 a - a +0 short sword (weapon)
Jewellery
 d - a ring of protection from cold (right tentacle)
 s - the ring of the Snail {rElec rF+ Will+ Dex+4 Slay-2}
   (You bought it in a shop on level 3 of the Dungeon)

   [ring of willpower]

   Dex:       It affects your dexterity (+4).
   Slay:      It affects your accuracy & damage with ranged weapons and melee
   (-2).
   rF:        It protects you from fire.
   rElec:     It insulates you from electricity.
   Will:      It increases your willpower.
 v - the cursed ring of Ashenzari's Submission (left tentacle) {Wiz, Elem, Cun}
   (You found it on level 1 of the Dungeon)

   [ring of wizardry]

   It improves your spell success rate.
   It has a curse which improves the following skills: Elements: Fire Magic, Ice
   Magic, Air Magic and Earth Magic.
   Cunning:   Dodging and Stealth.
Wands
 f - a wand of digging (3)
 p - a wand of polymorph (8)
Scrolls
 b - a scroll of fog
 c - a scroll of magic mapping
 g - a scroll of torment {unknown}
 j - 3 scrolls of identify {unknown}
 m - a scroll of amnesia {unknown}
 n - 2 scrolls of blinking {unknown}
 o - 2 scrolls of vulnerability {unknown}
 r - 4 scrolls of teleportation {unknown}
 u - a scroll of brand weapon {unknown}
Potions
 e - 5 potions of attraction
 h - 5 potions of curing
 i - 2 potions of might {unknown}
 k - a potion of degeneration {unknown}
 l - a potion of resistance {unknown}
 q - a potion of haste
 t - a potion of mutation {unknown}


   Skills:
 - Level 3.0 Fighting
 + Level 5.4 Short Blades
 + Level 5.4(5.8) Dodging
 + Level 9.9(10.3) Stealth
 + Level 2.2 Spellcasting
 + Level 0.6 Hexes


You had 8 spell levels left.
You knew the following spells:

 Your Spells              Type           Power      Damage    Failure   Level
a - Confusing Touch       Hex            3%         N/A       21%         3

Your spell library contained the following spells:

 Spells                   Type           Power      Damage    Failure   Level
 Slow                     Hex            12%        N/A       8%          1
 Inner Flame              Hex/Fire       2%         N/A       24%         3
 Vampiric Draining        Necr           1%         2d6       26%         3
 Cause Fear               Hex            1%         N/A       54%         4
 Discord                  Hex            1%         N/A       100%        8


Dungeon Overview and Level Annotations

Branches:
Dungeon (6/15)             Temple (1/1) D:4         Ossuary (visited)

Altars:
Ashenzari
Cheibriados
Fedhas
Makhleb
Nemelex Xobeh
Ru
Sif Muna
Trog
Vehumet
Xom
Zin
The Shining One

Shops:
D:1 (   D:3 *   D:5 (


Innate Abilities, Weirdness & Mutations

You cannot wear most types of armour.
You are amphibious.
You can wear up to eight rings at the same time.
Your skin changes colour to match your surroundings (Stealth+).
Your rubbery body absorbs attacks. (AC +1, EV +1)
((You are camouflaged when in or above water. (Stealth+)))
You have tentacles for arms and can constrict up to eight enemies at once.


Message History

You constrict the gnoll shaman, but do no damage.
The gnoll shaman hits you with a +0 whip!
You hit the gnoll shaman but do no damage.
You tentacle-slap the gnoll shaman, but do no damage.
You constrict the gnoll shaman, but do no damage.
The gnoll shaman closely misses you.
You hit the gnoll shaman but do no damage.
You constrict the gnoll shaman.
The gnoll shaman calls upon its god to speed up the gnoll.
The gnoll seems to speed up.
You hit the gnoll shaman but do no damage.
The gnoll shaman is moderately wounded.
You constrict the gnoll shaman.
The gnoll hits you from afar with a +0 spear.
The gnoll shaman barely misses you.
You hit the gnoll shaman but do no damage.
The gnoll shaman appears confused.
Your squeeze misses the gnoll shaman.
The gnoll shaman is heavily wounded.
You constrict the gnoll shaman.
The gnoll hits you from afar with a +0 spear.
You hit the gnoll shaman. You squeeze the gnoll shaman.
The gnoll shaman is almost dead.
You constrict the gnoll shaman.
The gnoll hits you from afar with a +0 spear!
You hit the gnoll shaman.
You kill the gnoll shaman!
The gnoll closely misses you.
The gnoll hits you from afar with a +0 spear!
* * * LOW HITPOINT WARNING * * *
Casting: Confusing Touch (dangerous; 21% risk of failure)
Confirm with . or Enter, or press ? or * to list all spells.
You don't know that spell.
Unknown command.
The gnoll hits you from afar with a +0 spear.
* * * LOW HITPOINT WARNING * * *
The gnoll barely misses you.
The gnoll hits you from afar with a +0 spear.
* * * LOW HITPOINT WARNING * * *
The gnoll hits you from afar with a +0 spear.
You die...

###..##..#.# #
#..........#
#.#..##..#####..
................
...>###..##.###.
## ###..# #
#.g..# #.#.##
#@#.# #.#.#
#...# #.### #.#
..# #.# #.#


You could see a gnoll (fast).

Vanquished Creatures
  2 phantoms (D:5)
  6 water moccasin zombies
  A scorpion (D:6)
  4 hounds
  A jelly (D:4)
  A bullfrog skeleton (D:4)
  A gnoll shaman (D:6)
  An orc priest (D:4)
  Ijyb (D:4)
  Jessica (D:2)
  An orc wizard (D:3)
  2 mummies (Ossuary)
  A howler monkey zombie (D:5)
  2 adders
  2 gnolls
  A howler monkey skeleton (D:5)
  3 adder zombies (Ossuary)
  A worm (D:3)
  3 dart slugs
  3 orcs (D:3)
  7 endoplasms
  4 giant cockroaches
  3 goblins
  7 hobgoblins
  8 jackals
  7 kobolds
  4 quokkas
  2 ball pythons
  4 bats
  3 frilled lizards
  4 gnoll zombies (Ossuary)
  4 hobgoblin zombies (Ossuary)
  4 kobold zombies (Ossuary)
  2 orc zombies (Ossuary)
  2 rats
103 creatures vanquished.

Notes
Turn   | Place    | Note
-------+----------+-------------------------------------------
     0 | D:5      | willcat the Octopode Delver began the quest for the Orb.
     0 | D:5      | Reached XP level 1. HP: 16/16 MP: 1/1
    40 | D:5      | Found a sand-covered staircase.
    60 | Ossuary  | Entered an ossuary
    70 | Ossuary  | Noticed a water moccasin zombie
    70 | Ossuary  | Noticed a water moccasin zombie
    84 | Ossuary  | Killed a water moccasin zombie
    85 | Ossuary  | Reached skill level 7 in Stealth
    85 | Ossuary  | Reached XP level 2. HP: 13/21 MP: 2/2
    85 | Ossuary  | Reached XP level 3. HP: 16/26 MP: 3/3
    85 | Ossuary  | Reached XP level 4. HP: 19/31 MP: 4/4
   111 | Ossuary  | Reached XP level 5. HP: 10/36 MP: 5/5
   424 | Ossuary  | Reached skill level 8 in Stealth
   652 | Ossuary  | Reached XP level 6. HP: 18/42 MP: 6/6
  1327 | D:5      | Noticed a water moccasin
  1651 | D:4      | Found a staircase to the Ecumenical Temple.
  1662 | Temple   | Entered the Ecumenical Temple
  1700 | Temple   | Became a worshipper of Ashenzari the Shackled
  1729 | D:4      | Reached XP level 7. HP: 23/46 MP: 7/7
  2038 | D:4      | Reached skill level 9 in Stealth
  2106 | D:4      | Identified the +1 ring mail "Wokkag Xuvimn" {Drain rElec
                  | Regen+}
  2250 | D:4      | Noticed Ijyb
  2275 | D:4      | Killed Ijyb
  2585 | D:3      | Found a glowing silver altar of Zin.
  3284 | D:3      | Found Setidd's Assorted Antiques.
  3289 | D:3      | Bought a heavily runed turquoise ring for 100 gold pieces
  3289 | D:3      | Identified the ring of the Snail {rElec rF+ Will+ Dex+4
                  | Slay-2} (You bought it in a shop on level 3 of the Dungeon)
  3369 | D:3      | Found a shimmering altar of Xom.
  3615 | D:2      | Noticed Jessica
  3623 | D:2      | Killed Jessica
  4284 | D:2      | Identified the +1 ring mail of Morality {Will++ Dex+4
                  | Slay-4}
  4464 | D:1      | Found Nyjanen's Antique Weapon Boutique.
  4464 | D:1      | Found a faded altar of an unknown god.
  4471 | D:1      | Reached skill level 1 in Spellcasting
  5305 | D:5      | Found Amnuskoo's Weapon Shop.
  5316 | D:5      | Reached skill level 5 in Short Blades
  5316 | D:5      | Reached skill level 5 in Dodging
  5433 | D:5      | Reached XP level 8. HP: 24/52 MP: 10/10
  5608 | D:5      | Learned a level 3 spell: Confusing Touch
  5851 | D:6      | Slain by a gnoll

Illustrated notes

Levels and vault maps discovered:
D:1:      shiori_shiawase, layout_rooms, serial_curves, eino_curves_03,
          eino_curves_03, serial_shops, shop, ebering_ecumenical_altar_abandoned
D:2:      layout_loops_corners, nrook_mini_vaults, uniq_jessica
D:3:      layout_basic, mainiacjoe_overflow_tiny_flanked,
          nicolae_overflow_hidden_temple, serial_shops, shop_fountains
D:4:      layout_cave_pools, minmay_temple_entry_proselytizer,
          minmay_misc_feat_roman, uniq_ijyb
D:5:      layout_loops_ring, serial_shops, shop, nicolae_ossuary_entry_ruins
D:6:      gammafunk_steamed_eel, layout_loops_ring, overflow_temple_1_default,
          uniq_eustachio
Temple:   compressed_dpeg_circular_temple

Skill      XL: |  1  2  3  4  5  6  7  8 |
---------------+-------------------------+-----
Stealth        | 7 8 9 |  9.9
Short Blades   | 3 4 5 |  5.4
Dodging        | 3 4 5 |  5.4
Spellcasting   | 1 2 |  2.2
Fighting       | |  3.0
Hexes          | |  0.6

Action                   |  1- 3 |  4- 6 |  7- 9 || total
-------------------------+-------+-------+-------++-------
Melee: Short sword       |     9 |    95 |   172 ||   276
       Constrict         |     1 |    20 |    23 ||    44
       Tentacles         |     1 |    21 |    33 ||    55
       Punch             |     1 |     1 |     2 ||     4
 Cast: Confusing Touch   |       |       |     1 ||     1
Invok: Curse Item        |       |       |     1 ||     1
  Use: Potion            |     1 |     2 |     2 ||     5
       Scroll            |       |       |     1 ||     1
 Stab: Sleeping          |     3 |     9 |    31 ||    43
       Distracted        |       |       |     1 ||     1
Armor: Skin              |     1 |     8 |    20 ||    29
Dodge: Dodged            |     4 |    41 |    64 ||   109
